AoeStats
← El.Profesor

Hideout

509423467Analyzed
1v1 RM · 6d ago on Sep 26, 2026· 51m 3s· 2 players
Game mode
Random Map
Map size
Tiny (2 player)
Population
200
Speed
Normal
Resources
Standard
Victory
Conquest
Starting age
Dark Age
Ending age
Imperial Age
RankedLock teamsTeams togetherTeam positionsShared explorationLock speedFull tech treeHidden civsTurbo modeCheats
Victory
Defeat
🇪🇪 Huns · Estonia
1108
+14
🇦🇷 Sicilians · Argentina
1074
-14
Bebull
8:39 Loom
10:26 Feudal Age
13:07 Double-Bit Axe
25:29 Castle Age
23:53 Fletching
24:06 Padded Archer Armor
25:01 Town Watch
26:12 Scale Barding Armor
42:32 Forging
43:49 Horse Collar
45:35 Bloodlines
45:25 Husbandry
45:31 Husbandry
48:50 Wheelbarrow
48:40 Scale Mail Armor
49:13 Thumb Ring
50:04 Bodkin Arrow
El.Profesor
0:28 Loom
6:38 Loom
9:33 Feudal Age
23:33 Castle Age
23:20 Double-Bit Axe
34:52 Town Watch
39:45 Pikeman
Connection lost

Rejoining the realm…

Still unreachable

The connection could not be restored.

Session expired

The server has moved on; the page needs a fresh start.